 Dungeon Crawl Stone Soup version 0.27.1-2-g3b301248ec (webtiles) character file.

Game seed: 9725772336674398537

2349 styxcanada the Covert (level 9, -5/45 HPs)
             Began as a Spriggan Brigand on Sept 29, 2021.
             Slain by a wight (9 damage)
             ... on level 7 of the Dungeon.
             The game lasted 00:32:29 (8189 turns).

styxcanada the Covert (Spriggan Brigand)            Turns: 8189, Time: 00:32:29

Health: -5/45      AC:  4    Str:  7    XL:     9   Next: 20%
Magic:  13/13      EV: 22    Int: 13    God:
Gold:   424        SH:  0    Dex: 19    Spells: 9/12 levels left

rFire    + + .     SeeInvis +   j - +2 short sword (drain)
rCold    . . .     Faith    .   (shield restricted)
rNeg     . . .     Spirit   .   b - +0 robe
rPois    .         Reflect  .   (helmet restricted)
rElec    .         Harm     .   c - +1 cloak
rCorr    .         Rampage  .   (gloves unavailable)
Will     +....                  (boots unavailable)
Stlth    +++++.....             (no amulet)
HPRegen  0.15/turn              f - ring of wizardry
MPRegen  0.13/turn              h - +4 ring of slaying

@: brilliant, very slightly contaminated, invisible, very quick
A: very small, no large weapons, unfitting armour, see invisible, speed 3,
talons 1, fire resistance 2
a: no special abilities


You were on level 7 of the Dungeon.
You visited 2 branches of the dungeon, and saw 8 of its levels.
You also visited: Sewer.

You collected 450 gold pieces.
You spent 26 gold pieces at shops.

Inventory:

Hand Weapons
 a - a +2 dagger of chaos
 i - a +5 mace of venom
 j - a +2 short sword of draining (weapon)
 l - a +0 short sword of venom
 u - a +0 hunting sling
Missiles
 e - 5 boomerangs
 g - 137 stones
 p - 17 sling bullets
 q - an atropa-tipped dart
 t - a poisoned dart (quivered)
 y - 2 curare-tipped darts
Armour
 b - a +0 robe (worn)
 c - a +1 cloak (worn)
 k - +0 acid dragon scales
Jewellery
 f - a ring of wizardry (left hand)
 h - a +4 ring of slaying (right hand)
 x - a ring of fire
Wands
 o - a wand of flame (25)
 A - a wand of polymorph (8)
Scrolls
 n - 5 scrolls of teleportation
 w - a scroll of silence
Potions
 d - 2 potions of lignification
 m - a potion of mutation
 r - 5 potions of flight
 s - a potion of haste


   Skills:
 + Level 3.7 Fighting
 + Level 6.1 Short Blades
 + Level 0.4(2.3) Slings
 + Level 3.0(3.1) Throwing
 * Level 7.5 Dodging
 * Level 11.1 Stealth
 * Level 2.2 Spellcasting
 * Level 0.8 Conjurations
 * Level 0.2 Hexes
 * Level 1.0 Fire Magic
 * Level 1.1 Ice Magic
 * Level 4.8 Evocations


You had 9 spell levels left.
You knew the following spells:

 Your Spells              Type           Power      Damage    Failure   Level
a - Foxfire               Conj/Fire      20%        2x1d5     7%          1
b - Ensorcelled Hibernat  Hex/Ice        8%         N/A       12%         2

Your spell library contained the following spells:

 Spells                   Type           Power      Damage    Failure   Level
 Conjure Flame            Conj/Fire      5%         6-21      21%         3
 Inner Flame              Hex/Fire       4%         N/A       24%         3
 Spider Form              Tmut/Pois      1%         N/A       28%         3
 Alistair's Intoxication  Tmut/Pois      1%         N/A       93%         5
 Borgnjor's Vile Clutch   Necr/Erth      1%         N/A       93%         5
 Eringya's Noxious Bog    Tmut/Pois      1%         N/A       100%        6
 Shadow Creatures         Summ           N/A        N/A       100%        6


Dungeon Overview and Level Annotations

Branches:
Dungeon (7/15)             Temple (1/1) D:6           Sewer (visited)

Altars:
Cheibriados
Dithmenos
Elyvilon
Fedhas
Hepliaklqana
Makhleb
Nemelex Xobeh
Okawaru
Qazlal
Ru
Sif Muna
Uskayaw
Vehumet
Xom
Zin

Shops:
D:3 !   D:4 !([

Annotations:
D:3 3 runed translucent doors, barney's ghost, amateur DrTm
D:5 2 runed translucent doors, VictoriousLee's ghost, novice TeSu
D:7 Menkaure


Innate Abilities, Weirdness & Mutations

You are very small and have problems with some larger weapons.
You are too small for most types of armour.
You have supernaturally acute eyesight. (SInv)
You cover ground extremely quickly. (Speed+++)
You have sharp toenails.
Your flesh is very heat resistant. (rF++)


Message History

The necrophage is heavily damaged.
The necrophage closely misses you.
You puncture the necrophage! You claw the necrophage.
You destroy the necrophage!
Your Fire Magic skill increases to level 1!
You see here a necrophage corpse.
You start resting.
A wight is nearby!
Throw: 2 darts (poison)
Press: ? - help, Q - select action, (/) - cycle Shift-Dir - straight line, f - wight
Aim: a wight, wielding a +4 dire flail of freezing and wearing a +1 robe of fire resistance (wandering, hasn't noticed you, 67% to hit)
You throw a poisoned dart. The poisoned dart hits the wight.
Your +5 mace of venom begins to drip with poison!
i - a +5 mace of venom (weapon)
The wight hits you with a +4 dire flail of freezing!
The wight freezes you.
You sock the wight! You claw the wight, but do no damage.
The wight is heavily damaged.
The wight hits you with a +4 dire flail of freezing!
* * * LOW HITPOINT WARNING * * *
The wight freezes you.
* * * LOW HITPOINT WARNING * * *
You hit the wight.
The wight is severely damaged.
The wight completely misses you. x2
It was a potion of brilliance.
You feel clever all of a sudden. The wight closely misses you.
You fade into invisibility!
You are very lightly contaminated with residual magic.
You hit the wight. You claw the wight, but do no damage.
The wight is almost destroyed.
The wight closely misses you.
Your +5 mace of venom stops dripping with poison.
You sense an unholy aura.
j - a +2 short sword of draining (weapon)
You closely miss the wight. Your kick misses the wight.
The wight is almost destroyed.
The wight hits you with a +0 falchion!
You die...

##.##..###...#....P♣♣♣..
#..#...###.###.....♣ ♣..
#.......#####......♣♣♣..
#.......# #.........P..
##.####.# ##..#........
## ##..#####.##..P.....
##..###...(###.P♣♣♣..
#..###z..z.##n..♣ ♣..
##.†@z..#...#..P♣♣♣..
#...zz###.......P.PP.
##..####....#........
#### ##...#...P..P.
##.###..♣♣♣P. ### #..♣
♣.. #.P♣♣♣P. #.PhP...
#.h.h..h


You could see 5 wights.

Vanquished Creatures
  Maggie (D:7)
  Duvessa (D:5)
  A water moccasin (D:6)
  A sky beast (D:6)
  A necrophage (D:7)
  An ogre (D:5)
  A centaur (D:5)
  Dowan (D:5)
  A scorpion (D:4)
  2 water moccasin zombies
  A wyvern skeleton (D:6)
  8 wights
  A howler monkey (D:5)
  4 bullfrog zombies
  2 centaur skeletons
  A jelly (D:7)
  2 bullfrog skeletons
  3 hounds
  Terence (D:2)
  A scorpion zombie (D:5)
  2 iguanas
  An orc wizard (D:5)
  A merfolk siren (Sewer)
  A merfolk avatar (Sewer)
  A killer bee zombie (D:5)
  A hound zombie (D:5)
  2 hound skeletons (D:5)
  A howler monkey skeleton (D:7)
  9 adders
  4 river rats
  3 white imps
  An adder zombie (D:5)
  3 worms
  6 dart slugs
  3 orcs
  4 bats
  5 endoplasms
  7 giant cockroaches
  8 goblins
  6 hobgoblins
  2 jackals (D:1)
  7 kobolds
  6 quokkas
  10 ball pythons
  6 frilled lizards
  29 rats
164 creatures vanquished.

Vanquished Creatures (others)
  A bush (D:7)
  40 plants (D:7)
  A withered plant (D:5)
42 creatures vanquished.

Grand Total: 206 creatures vanquished

Notes
Turn   | Place    | Note
-------+----------+-------------------------------------------
     0 | D:1      | styxcanada the Spriggan Brigand began the quest for the
                  | Orb.
     0 | D:1      | Reached XP level 1. HP: 10/10 MP: 2/2
    25 | D:1      | Reached skill level 6 in Stealth
    73 | D:1      | Reached XP level 2. HP: 7/14 MP: 3/3
   498 | D:1      | Found a faded altar of an unknown god.
   560 | D:1      | Gained mutation: Your flesh is heat resistant. (rF+)
                  | [potion of mutation]
   560 | D:1      | Gained mutation: You have sharp toenails. [potion of
                  | mutation]
   560 | D:1      | Gained mutation: You evolve. [potion of mutation]
   845 | D:1      | Gained mutation: Your flesh is very heat resistant. (rF++)
                  | [evolution]
   899 | D:1      | Reached XP level 3. HP: 17/18 MP: 4/4
   997 | D:2      | Noticed Terence
   999 | D:2      | Killed Terence
  1000 | D:2      | Reached skill level 7 in Stealth
  1142 | D:2      | Reached XP level 4. HP: 23/23 MP: 5/5
  1400 | D:2      | Found a sparkling altar of Nemelex Xobeh.
  1719 | D:3      | Found a runed translucent gate.
  1719 | D:3      | Found a runed translucent gate.
  1719 | D:3      | Found a runed translucent gate.
  1720 | D:3      | Noticed barney's ghost (amateur DrTm)
  1771 | D:3      | Found Zabbocw's Distillery.
  1805 | D:3      | Bought a potion of degeneration for 11 gold pieces
  2848 | D:4      | Reached skill level 1 in Evocations
  2848 | D:4      | Reached XP level 5. HP: 26/26 MP: 6/6
  2960 | D:4      | Found Hekkud's Weapon Shop.
  2987 | D:4      | Reached skill level 8 in Stealth
  3008 | D:4      | Found Yddor's Distillery.
  3018 | D:4      | Bought 2 atropa-tipped darts for 15 gold pieces
  3066 | D:4      | Reached XP level 6. HP: 26/30 MP: 7/7
  3216 | D:4      | Found Uczuam's Armour Emporium.
  3347 | D:4      | Found a glowing silver altar of Zin.
  3573 | D:4      | Found a glowing drain.
  3578 | Sewer    | Entered a sewer
  4229 | Sewer    | Reached skill level 9 in Stealth
  4571 | D:5      | Entered Level 5 of the Dungeon
  4709 | D:5      | Noticed Duvessa
  4711 | D:5      | Noticed Dowan
  4713 | D:5      | Reached XP level 7. HP: 29/35 MP: 8/8
  4775 | D:5      | Killed Duvessa
  4776 | D:5      | Reached skill level 5 in Dodging
  4812 | D:5      | Killed Dowan
  5036 | D:5      | Lost mutation: You evolve. [end of evolution]
  5314 | D:5      | Reached skill level 10 in Stealth
  5528 | D:5      | Reached XP level 8. HP: 19/40 MP: 9/9
  5858 | D:5      | Found a large runed translucent door.
  5858 | D:5      | Found a large runed translucent door.
  5859 | D:5      | Noticed VictoriousLee's ghost (novice TeSu)
  6103 | D:6      | Reached skill level 5 in Short Blades
  6206 | D:6      | Found a staircase to the Ecumenical Temple.
  6978 | D:6      | Found a stormy altar of Qazlal.
  7005 | D:6      | Learned a level 1 spell: Foxfire
  7068 | D:6      | Found a stormy altar of Qazlal.
  7323 | D:7      | Reached skill level 1 in Spellcasting
  7345 | D:7      | Noticed Maggie
  7368 | D:7      | Killed Maggie
  7369 | D:7      | Reached skill level 11 in Stealth
  7369 | D:7      | Reached XP level 9. HP: 24/45 MP: 10/13
  7420 | D:7      | Learned a level 2 spell: Ensorcelled Hibernation
  7690 | D:7      | Reached skill level 1 in Ice Magic
  7873 | D:7      | Noticed Menkaure
  7884 | Temple   | Entered the Ecumenical Temple
  8143 | D:7      | Reached skill level 1 in Fire Magic
  8189 | D:7      | Slain by a wight

Illustrated notes

Levels and vault maps discovered:
D:1:      sevenhm_arrival_forest_fort_small_6, layout_rooms,
          ebering_ecumenical_altar_sacrificial
D:2:      layout_loops_ring, basic_altar, uniq_terence
D:3:      layout_basic, serial_shops, shop_coins, ebering_ghost_rock_garden,
          chequers_serial_rivers_room_b, kennysheep_generic_room_6
D:4:      layout_loops_ring, zin_treasury, serial_shops, shop_fountains, shop,
          nicolae_shop_crystal, portal_sewer_entry_e
D:5:      layout_loops_ring, serial_undead, serial_undead_e, serial_undead_d,
          serial_undead_c, serial_undead_b, ebering_ghost_disaster_area,
          kennysheep_crisscross, st_stairs_1, uniq_duvessa
D:6:      layout_loops_ring, nicolae_qazlal_eye_of_the_storm,
          minmay_temple_entry_from_below_a, kennysheep_small_circle
D:7:      layout_cave_pools, chequers_jeans, kennysheep_boxes, uniq_maggie,
          uniq_menkaure
Temple:   dshaligram_water_room_temple

Skill      XL: |  1  2  3  4  5  6  7  8  9 |
---------------+----------------------------+-----
Stealth        | 6 7 8 9 10 11 | 11.1
Dodging        | 2 3 4 5 7 |  7.5
Fighting       | 2 3 |  3.7
Short Blades   | 3 4 6 |  6.1
Evocations     | 1 2 3 4 |  4.8
Throwing       | 3 |  3.0
Spellcasting   | 2 |  2.2
Ice Magic      | 1 |  1.1
Fire Magic     | 1 |  1.0
Slings         | |  0.4
Conjurations   | |  0.8
Hexes          | |  0.2

Action                   |  1- 3 |  4- 6 |  7- 9 || total
-------------------------+-------+-------+-------++-------
Melee: Dagger            |    83 |       |       ||    83
       Kick              |     6 |    35 |    50 ||    91
       Short sword       |       |   204 |   151 ||   355
       Mace              |       |       |     4 ||     4
 Fire: Hunting sling     |       |       |    26 ||    26
Throw: Dart              |    15 |     9 |    15 ||    39
       Stone             |       |       |     2 ||     2
Evoke: Wand              |       |     8 |    19 ||    27
  Use: Scroll            |     1 |     5 |     4 ||    10
       Potion            |     1 |     3 |     4 ||     8
 Stab: Sleeping          |     4 |    23 |     8 ||    35
       Invisible         |       |     1 |     1 ||     2
Armor: Robe              |    10 |    24 |    16 ||    50
Dodge: Dodged            |    50 |   138 |   108 ||   296
